SL
GRAFTON MIDDIES @ PANAMA CITY PIRANHAS
09/13/2022
 
TOP OF THE 1ST
Grafton Middies batting - Pitching for Panama City Piranhas : LHP Wayne Craig
Pitching: LHP Wayne Craig
Batting: RHB Raúl Robles 0-0: Fly out, F8 (Line Drive, 8RD)
Batting: RHB Pedro Orozco 0-0: Called Strike
0-1: Fly out, F6 (Popup, 6)
Batting: RHB Scotty Anderson 0-0: Called Strike
0-1: Ground out 6-3 (Groundball, 6M)
Top of the 1st over - 0 run(s), 0 hit(s), 0 error(s), 0 left on base; Grafton 0 - Panama City 0
BOTTOM OF THE 1ST
Panama City Piranhas batting - Pitching for Grafton Middies : LHP Curtis Fields
Pitching: LHP Curtis Fields
Batting: LHB Francisco Sánchez 0-0: Ball
1-0: Ball
2-0: DOUBLE (Flyball, 9LD)
Batting: RHB Hal Romaine 0-0: Ball
1-0: Ground out 6-3 (Groundball, 6D)
Batting: LHB Herman Hayes 0-0: Foul Ball, location: 2F
0-1: Ball
1-1: Called Strike
1-2: Ball
2-2: Fly out, F7 (Flyball, 7M)
Batting: SHB Marc Talamante 0-0: SINGLE (Flyball, 9S)
Francisco Sánchez to third
Runner from 3rd tries for Home, SAFE, throw made home
Marc Talamante to second
Batting: LHB Steve Cunningham 0-0: Called Strike
0-1: Ball
1-1: Called Strike
1-2: Ball
2-2: Ball
3-2: Strikes out looking
Bottom of the 1st over - 1 run(s), 2 hit(s), 0 error(s), 1 left on base; Grafton 0 - Panama City 1
TOP OF THE 2ND
Grafton Middies batting - Pitching for Panama City Piranhas : LHP Wayne Craig
Batting: RHB Pedro Santos 0-0: Ball
1-0: Ball
2-0: Swinging Strike
2-1: Ball
3-1: Foul Ball, location: 2F
3-2: Foul Ball, location: 2F
3-2: Strikes out swinging
Batting: RHB Wes Bradley 0-0: Foul Ball, location: 2F
0-1: Called Strike
0-2: Ball
1-2: Foul Ball, location: 2F
1-2: Ground out 1-3 (Groundball, 13)
Batting: RHB José Peña 0-0: Fly out, F8 (Flyball, 8LXD)
Top of the 2nd over - 0 run(s), 0 hit(s), 0 error(s), 0 left on base; Grafton 0 - Panama City 1
BOTTOM OF THE 2ND
Panama City Piranhas batting - Pitching for Grafton Middies : LHP Curtis Fields
Batting: RHB Tim Barnes 0-0: Called Strike
0-1: Ball
1-1: Foul Ball, location: 2F
1-2: Ball
2-2: Fly out, F7 (Flyball, 7M)
Batting: RHB William Hull 0-0: SINGLE (Line Drive, 34)
Batting: RHB Guillermo Montoya 0-0: Ball
1-0: Swinging Strike
1-1: Foul Ball, location: 2F
1-2: SINGLE (Groundball, 34)
William Hull to second
Runner from 2nd tries for 3rd, SAFE, no throw or cutoff
Batting: RHB Cliff Dixon 0-0: Foul Ball, location: 2F
0-1: Grounds into double play, 4-6-3 (Groundball, 34)
Bottom of the 2nd over - 0 run(s), 2 hit(s), 0 error(s), 1 left on base; Grafton 0 - Panama City 1
TOP OF THE 3RD
Grafton Middies batting - Pitching for Panama City Piranhas : LHP Wayne Craig
Batting: RHB Mark Davis 0-0: Swinging Strike
0-1: Foul Ball, location: 2F
0-2: Strikes out looking
Batting: RHB Justin Bingham 0-0: Ball
1-0: Ball
2-0: Ground out 4-3 (Groundball, 34)
Batting: RHB Danny Hall 0-0: Ball
1-0: Swinging Strike
1-1: Ball
2-1: Foul Ball, location: 2F
2-2: Strikes out swinging
Top of the 3rd over - 0 run(s), 0 hit(s), 0 error(s), 0 left on base; Grafton 0 - Panama City 1
BOTTOM OF THE 3RD
Panama City Piranhas batting - Pitching for Grafton Middies : LHP Curtis Fields
Batting: LHB Francisco Sánchez 0-0: Foul Ball, location: 2F
0-1: SINGLE (Groundball, 4MD)
Batting: RHB Hal Romaine 0-0: Ball
1-0: Called Strike
1-1: Ball
2-1: Fly out, F3 (Popup, 34S)
Batting: LHB Herman Hayes 0-0: Ball
1-0: Called Strike
1-1: Ball
2-1: Called Strike
2-2: Ball
3-2: Base on Balls
Francisco Sánchez to second
Batting: SHB Marc Talamante 0-0: Fly out, F7 (Flyball, 7LSF)
Batting: LHB Steve Cunningham 0-0: Called Strike
0-1: Called Strike
0-2: Foul Ball, location: 2F
0-2: Ball
1-2: Strikes out swinging
Bottom of the 3rd over - 0 run(s), 1 hit(s), 0 error(s), 2 left on base; Grafton 0 - Panama City 1
TOP OF THE 4TH
Grafton Middies batting - Pitching for Panama City Piranhas : LHP Wayne Craig
Batting: RHB Raúl Robles 0-0: Called Strike
0-1: Ball
1-1: Called Strike
1-2: Strikes out swinging
Batting: RHB Pedro Orozco 0-0: Called Strike
0-1: Called Strike
0-2: Strikes out looking
Batting: RHB Scotty Anderson 0-0: Foul Ball, location: 2F
0-1: Foul Ball, location: 2F
0-2: Ball
1-2: DOUBLE (Line Drive, 7LD)
Batting: RHB Pedro Santos 0-0: Called Strike
0-1: Called Strike
0-2: Foul Ball, location: 2F
0-2: Ball
1-2: Foul Ball, location: 2F
1-2: Ball
2-2: Strikes out swinging
Top of the 4th over - 0 run(s), 1 hit(s), 0 error(s), 1 left on base; Grafton 0 - Panama City 1
BOTTOM OF THE 4TH
Panama City Piranhas batting - Pitching for Grafton Middies : LHP Curtis Fields
Batting: RHB Tim Barnes 0-0: Ball
1-0: Foul Ball, location: 2F
1-1: Foul Ball, location: 2F
1-2: Ball
2-2: Foul Ball, location: 2F
2-2: Foul Ball, location: 2F
2-2: Foul Ball, location: 2F
2-2: Fly out, F8 (Flyball, 89XD)
Batting: RHB William Hull 0-0: Ball
1-0: Ball
2-0: Called Strike
2-1: Called Strike
2-2: Ball
3-2: Foul Ball, location: 2F
3-2: Base on Balls
Batting: RHB Guillermo Montoya 0-0: Ball
1-0: Ball
2-0: Called Strike
2-1: SINGLE (Flyball, 89S)
William Hull to second
Runner from 2nd tries for 3rd, SAFE, throw made to third
Batting: RHB Cliff Dixon 0-0: Called Strike
0-1: SINGLE (Groundball, 6MD)
William Hull scores
Guillermo Montoya to second
Batting: LHB Francisco Sánchez 0-0: Ball
1-0: Foul Ball, location: 2F
1-1: Ground out 4-3 (Groundball, 4S)
Guillermo Montoya to third
Cliff Dixon to second
Batting: RHB Hal Romaine 0-0: Ball
1-0: Called Strike
1-1: Ball
2-1: Ball
3-1: Base on Balls
Batting: LHB Herman Hayes 0-0: Ball
1-0: Fly out, F8 (Line Drive, 8RD)
Bottom of the 4th over - 1 run(s), 2 hit(s), 0 error(s), 3 left on base; Grafton 0 - Panama City 2
TOP OF THE 5TH
Grafton Middies batting - Pitching for Panama City Piranhas : LHP Wayne Craig
Batting: RHB Wes Bradley 0-0: Called Strike
0-1: Ground out 5-3 (Groundball, 56)
Batting: RHB José Peña 0-0: Ball
1-0: Foul Ball, location: 2F
1-1: SINGLE (Groundball, 56)
Batting: RHB Mark Davis 0-0: Called Strike
0-1: Ball
1-1: Ball
2-1: Ball
José Peña is caught stealing 2nd base
3-1: Called Strike
3-2: Strikes out looking
Top of the 5th over - 0 run(s), 1 hit(s), 0 error(s), 0 left on base; Grafton 0 - Panama City 2
BOTTOM OF THE 5TH
Panama City Piranhas batting - Pitching for Grafton Middies : LHP Curtis Fields
Batting: SHB Marc Talamante 0-0: Ball
1-0: Ball
2-0: Fly out, F8 (Flyball, 8LM)
Batting: LHB Steve Cunningham 0-0: Called Strike
0-1: Ball
1-1: Ball
2-1: Ball
3-1: Foul Ball, location: 2F
3-2: Ground out 6-3 (Groundball, 6)
Batting: RHB Tim Barnes 0-0: Ball
1-0: Foul Ball, location: 2F
1-1: Called Strike
1-2: Foul Ball, location: 2F
1-2: Foul Ball, location: 2F
1-2: Strikes out swinging
Bottom of the 5th over - 0 run(s), 0 hit(s), 0 error(s), 0 left on base; Grafton 0 - Panama City 2
TOP OF THE 6TH
Grafton Middies batting - Pitching for Panama City Piranhas : LHP Wayne Craig
Batting: RHB Justin Bingham 0-0: Called Strike
0-1: Ball
1-1: Foul Ball, location: 2F
1-2: Ball
2-2: Hit by Pitch
Batting: RHB Danny Hall 0-0: Ball
1-0: Bunted foul
1-1: Bunted foul
1-2: Ball
2-2: Grounds into double play, 5-4-3 (Groundball, 56)
Batting: RHB Raúl Robles 0-0: SINGLE (Line Drive, 4MD)
Batting: RHB Pedro Orozco 0-0: Called Strike
0-1: Foul Ball, location: 2F
0-2: Strikes out looking
Top of the 6th over - 0 run(s), 1 hit(s), 0 error(s), 1 left on base; Grafton 0 - Panama City 2
BOTTOM OF THE 6TH
Panama City Piranhas batting - Pitching for Grafton Middies : LHP Curtis Fields
Batting: RHB William Hull 0-0: Swinging Strike
0-1: Ball
1-1: Ball
2-1: Ball
3-1: Called Strike
3-2: Ground out 5-3 (Groundball, 6S)
Batting: RHB Guillermo Montoya 0-0: Fly out, F9 (Flyball, 89M)
Batting: RHB Cliff Dixon 0-0: Foul Ball, location: 2F
Single, Error in OF, E7, batter to second base
Pitching: RHP Domingo Álvarez
Batting: LHB Francisco Sánchez 0-0: Called Strike
0-1: Fly out, F7 (Flyball, 78M)
Bottom of the 6th over - 0 run(s), 1 hit(s), 1 error(s), 1 left on base; Grafton 0 - Panama City 2
TOP OF THE 7TH
Grafton Middies batting - Pitching for Panama City Piranhas : LHP Wayne Craig
Batting: RHB Scotty Anderson 0-0: Ball
1-0: Ball
2-0: Called Strike
2-1: Ground out 6-3 (Groundball, 6)
Batting: RHB Pedro Santos 0-0: Ball
1-0: Ball
2-0: Ball
3-0: Called Strike
3-1: Ground out 6-3 (Groundball, 6)
Batting: RHB Wes Bradley 0-0: Called Strike
0-1: Ball
1-1: SINGLE (Groundball, 5D)
Batting: RHB José Peña 0-0: Called Strike
Wes Bradley is caught stealing 2nd base
Top of the 7th over - 0 run(s), 1 hit(s), 0 error(s), 0 left on base; Grafton 0 - Panama City 2
BOTTOM OF THE 7TH
Panama City Piranhas batting - Pitching for Grafton Middies : RHP Domingo Álvarez
Batting: RHB Hal Romaine 0-0: Ball
1-0: Ball
2-0: Called Strike
2-1: Called Strike
2-2: Ball
3-2: Strikes out swinging
Batting: LHB Herman Hayes 0-0: Swinging Strike
0-1: SINGLE (Line Drive, 34D)
Batting: SHB Marc Talamante 0-0: Swinging Strike
0-1: Foul Ball, location: 2F
0-2: Foul Ball, location: 2F
0-2: Ball
1-2: Ball
2-2: Fly out, F8 (Flyball, 8LXD)
Batting: LHB Steve Cunningham 0-0: Ball
1-0: Ball
2-0: Foul Ball, location: 2F
2-1: Foul Ball, location: 2F
2-2: Foul Ball, location: 2F
2-2: Strikes out looking
Bottom of the 7th over - 0 run(s), 1 hit(s), 0 error(s), 1 left on base; Grafton 0 - Panama City 2
TOP OF THE 8TH
Grafton Middies batting - Pitching for Panama City Piranhas : LHP Wayne Craig
Batting: RHB José Peña 0-0: Called Strike
0-1: Ball
1-1: Ball
2-1: Ground out 4-3 (Groundball, 4)
Batting: RHB Mark Davis 0-0: Called Strike
0-1: Ground out 5-3 (Groundball, 5)
Batting: RHB Justin Bingham 0-0: Ball
1-0: Ball
2-0: Ground out 5-3 (Groundball, 56)
Top of the 8th over - 0 run(s), 0 hit(s), 0 error(s), 0 left on base; Grafton 0 - Panama City 2
BOTTOM OF THE 8TH
Panama City Piranhas batting - Pitching for Grafton Middies : RHP Domingo Álvarez
Batting: RHB Tim Barnes 0-0: Ball
1-0: Foul Ball, location: 2F
1-1: Foul Ball, location: 2F
1-2: Ground out 5-3 (Groundball, 5S)
Batting: RHB William Hull 0-0: Called Strike
0-1: Called Strike
0-2: Strikes out swinging
Batting: RHB Guillermo Montoya 0-0: Called Strike
0-1: Ground out 6-3 (Groundball, 56)
Bottom of the 8th over - 0 run(s), 0 hit(s), 0 error(s), 0 left on base; Grafton 0 - Panama City 2
TOP OF THE 9TH
Grafton Middies batting - Pitching for Panama City Piranhas : LHP Wayne Craig
Batting: RHB Danny Hall 0-0: Foul Ball, location: 2F
0-1: Ball
1-1: Ball
2-1: Fly out, F7 (Line Drive, 7LS)
Batting: RHB Raúl Robles 0-0: Fly out, F6 (Popup, 7S)
Batting: RHB Pedro Orozco 0-0: Foul Ball, location: 2F
0-1: Swinging Strike
0-2: Strikes out looking
Top of the 9th over - 0 run(s), 0 hit(s), 0 error(s), 0 left on base; Grafton 0 - Panama City 2
This league is powered by Out of the Park Baseball, the baseball management simulation game for PC, Mac and Linux
Friday, April 15th, 2016 - OOTP Baseball 16.9 Build 39